 Dungeon Crawl Stone Soup version 0.30-a0-12-gd8047c6341 (webtiles) character file.

Game seed: 18279042483875032758

4664 spiderkeys the Geomancer (level 10, -1/54 HPs)
             Began as an Octopode Earth Elementalist on Aug 24, 2022.
             Was a Believer of Hepliaklqana.
             Slain by a water moccasin (2 damage)
             ... while petrified by a basilisk
             ... on level 9 of the Dungeon.
             The game lasted 00:22:03 (11323 turns).

spiderkeys the Geomancer (OpEE)                    Turns: 11323, Time: 00:22:03

Health: -1/54      AC:  3    Str:  8      XL:     10   Next: 44%
Magic:  20/22      EV:  2    Int: 18 (21) God:    Hepliaklqana [**....]
Gold:   339        SH:  0    Dex: 18 (19) Spells: 17/25 levels left

rFire   . . .      SeeInvis +    f - +3 hand axe (vorpal)
rCold   . . .      Faith    .    (no shield)
rNeg    + + +      Spirit   .    F - +2 hat {SInv}
rPois   ∞          Reflect  .    (no amulet)
rElec   .          Harm     .    E - +4 ring of evasion
rCorr   .          Rampage  .    Z - ring of wizardry
Will    .....                    D - +6 ring of dexterity
Stlth   ++++......               (no ring)
HPRegen 0.18/turn                (no ring)
MPRegen 0.18/turn                (no ring)
                                 (no ring)
                                 (no ring)

@: petrified
A: reduced essence, almost no armour, amphibious, 8 rings, camouflage 1,
gelatinous body 1, (nimble swimmer 1), tentacles
a: Renounce Religion, Recall Ancestor, Ancestor Identity


You were on level 9 of the Dungeon.
You worshipped Hepliaklqana.
Hepliaklqana was pleased with you.
You visited 2 branches of the dungeon, and saw 10 of its levels.
You also visited: Ossuary.

You collected 514 gold pieces.
You spent 175 gold pieces at shops.


Innate Abilities, Weirdness & Mutations

Your life essence is reduced to manifest your ancestor. (-10% HP)
You cannot wear most types of armour.
You are amphibious.
You can wear up to eight rings at the same time.
Your skin changes colour to match your surroundings (Stealth+).
Your rubbery body absorbs attacks. (AC +1, EV +1)
((You are camouflaged when in or above water. (Stealth+)))
You have tentacles for arms and can constrict up to eight enemies at once.


   Skills:
 + Level 2.5 Fighting
 + Level 3.3 Dodging
 - Level 5.0 Stealth
 - Level 8.0 Spellcasting
 - Level 8.0 Conjurations
 + Level 3.4 Transmutations
 - Level 8.0 Earth Magic


You had 17 spell levels left.
You knew the following spells:

 Your Spells              Type           Power      Damage    Failure   Level
a - Stone Arrow           Conj/Erth      72%        3d11      1%          3
p - Passwall              Tmut/Erth      22%        N/A       1%          2
r - Searing Ray           Conj           72%        2d7       1%          2
s - Sandblast             Erth           72%        2d16      1%          1

Your spell library contained the following spells:

 Spells                   Type           Power      Damage    Failure   Level
 Magic Dart               Conj           100%       1d8       1%          1
 Mephitic Cloud           Conj/Pois/Air  16%        N/A       4%          3
 Petrify                  Tmut/Erth      27%        N/A       4%          4
 Call Imp                 Summ           7%         N/A       6%          2
 Fulminant Prism          Conj/Hex       10%        3d9       8%          4

Inventory:

Hand Weapons
 b - a +0 whip
   (You took it off a gnoll on level 1 of the Dungeon)
 f - a +3 vorpal hand axe (weapon)
   (You found it on level 2 of the Dungeon)
Missiles
 k - 74 stones
 p - 16 poisoned darts
 v - 5 atropa-tipped darts
 x - 3 boomerangs
 A - a throwing net {=f!f}
 K - 3 silver boomerangs
Armour
 u - a +2 hat
   (You bought it in a shop on level 4 of the Dungeon)
 F - a +2 hat of see invisible (worn)
   (You acquired it on level 6 of the Dungeon)
Jewellery
 D - a +6 ring of dexterity (on tentacle)
   (You found it on level 6 of the Dungeon)
 E - a +4 ring of evasion (left tentacle)
   (You found it on level 1 of the Dungeon)
 Z - a ring of wizardry (right tentacle)
   (You acquired it on level 3 of the Dungeon)
Wands
 y - a wand of quicksilver (18)
   (You found it on level 5 of the Dungeon)
 O - a wand of roots (9)
   (You found it on level 8 of the Dungeon)
Scrolls
 c - 4 scrolls of teleportation {@r4}
 d - 2 scrolls of torment {!r}
 e - a scroll of vulnerability {!r!r}
 m - 2 scrolls of magic mapping {!r}
 o - a scroll of butterflies {unknown}
 s - 2 scrolls of summoning
 t - 2 scrolls of enchant weapon
 w - a scroll of fear
 I - a scroll of enchant armour {unknown}
 L - a scroll of blinking {!r}
 M - a scroll of noise {unknown}
Potions
 a - a potion of magic
 g - a potion of might
 h - a potion of degeneration {!q}
 i - 3 potions of brilliance
 j - a potion of invisibility {unknown}
 l - 2 potions of curing {@q1}
 n - a potion of resistance
 q - 5 potions of flight
 r - a potion of cancellation
 z - 3 potions of heal wounds {@q2}
 B - a potion of haste {@q3}
 C - a potion of berserk rage {!q}
 G - a potion of ambrosia
 H - a potion of attraction {!q}
 J - a potion of lignification {unknown}
 N - a potion of mutation {unknown}
Miscellaneous
 P - a box of beasts (inert)
   (You found it on level 9 of the Dungeon)

Dungeon Overview and Level Annotations

Branches:
Dungeon (9/15) Zot: 26930  Temple (1/1) D:5 Zot: 5753    Lair (0/5) D:9
Ossuary (visited)
    Orc: D:9-12

Altars:
Ashenzari
Cheibriados
Dithmenos
Elyvilon
Fedhas
Gozag
Hepliaklqana
Kikubaaqudgha
Makhleb
Nemelex Xobeh
Okawaru
Qazlal
Sif Muna
Trog
Uskayaw
Vehumet
Wu Jian
Xom
Yredelemnul
Zin
The Shining One

Shops:
D:4 [ D:5

[
.P.............##.#.###
>.PP... #....##.....#
h♣h.... ##.......#.#.#
..P...$ #.....##.#.#.#
.|P..So###.....##.#.#.#
...!.lP.##.....##.#.#.#
P....♣Ro#o.###.##.#.#.#
.♣...SSlHo## #.##.#.#.#
....o.h@#>.......)#.#.#
......h......#.#### #<#
#....##c.....#.# ###
##### #......# .......#
.......... .........##
...###.##


You could see the friendly Svalbard the knight, 3 water moccasins, a black bear,
2 wyverns, 3 wolves, a friendly larval batshock beast (summoned), a friendly
centaur (summoned), a friendly orc wizard (summoned) and 4 friendly orcs.


Message History

You lost 3 mp, and now have 19/22 mp.
Casting: Stone Arrow (safe; 1% risk of failure)
Confirm with . or Enter, or press ? or * to list all spells.
Aiming: Stone Arrow (safe; 1% risk of failure)
Press: ? - help, Shift-Dir - straight line, f/p - shadow
Aim: a shadow (heavily damaged, ally target, 74% to hit)
The stone arrow hits the shadow!!
You destroy the shadow!
You feel your dexterity returning. 😎 MP[-3]
You lost 3 mp, and now have 16/22 mp. 😎 MP[+6]
Your mp is fully restored (22).
A wyvern is nearby!
A wyvern is nearby!
You see here 10 gold pieces.
A water moccasin, a basilisk and a wolf come into view.
Found a staircase to the Lair.
You swap places.
You see here 10 gold pieces.
Casting: Stone Arrow (safe; 1% risk of failure)
Confirm with . or Enter, or press ? or * to list all spells.
Aiming: Stone Arrow (safe; 1% risk of failure)
Press: ? - help, Shift-Dir - straight line, f - wyvern
Aim: a wyvern (ally target, 74% to hit)
Okay, then.
The wolf howls!
You hear an angry hiss.
You hear a howl!
You hear an angry hiss.
A water moccasin comes into view.
A wyvern comes into view.
Svalbard misses the wyvern.
The wyvern hisses menacingly.
The wyvern bites Svalbard.
Casting: Stone Arrow (safe; 1% risk of failure)
Confirm with . or Enter, or press ? or * to list all spells.
Aiming: Stone Arrow (safe; 1% risk of failure)
Press: ? - help, Shift-Dir - straight line, f - wyvern
Aim: a wyvern (ally target, 74% to hit)
Svalbard avoids your attack.
The stone arrow misses the wyvern.
A wolf comes into view.
A water moccasin comes into view.
Svalbard barely misses the wyvern.
The wyvern bites Svalbard. 😎 MP[-3]
You lost 3 mp, and now have 19/22 mp.
You open the lid... ...and a larval batshock beast flies out!
The box is emptied!
Svalbard blocks the wyvern's attack.
The wolf misses you.
Svalbard hits the wyvern with a +0 flail!
The basilisk gazes at you.
You are slowing down.
Svalbard blocks the wyvern's attack.
Okay, then.
Okay, then.
As you read the scroll of summoning, it crumbles to dust.
Wisps of shadow whirl around you... The wolf bites you! x2
The wyvern bites you!
The wyvern closely misses Svalbard.
Svalbard hits the wyvern with a +0 flail!
The basilisk gazes at you.
Your limbs have turned to stone.
The wolf closely misses you. The wyvern bites you!
Svalbard blocks the wyvern's attack.
The water moccasin bites the fungus.
The fungus begins to die.
Svalbard barely misses the wyvern.
You have turned to stone.
The wolf bites you.
* * * LOW HITPOINT WARNING * * *
Your larval batshock beast hits the wyvern!
The wyvern barely misses you.
The wyvern bites Svalbard!
Your centaur wields a +0 shortbow.
Your centaur shoots an arrow.
The arrow hits the wolf!
A black bear comes into view.
The water moccasin bites the fungus!
The water moccasin bites you but does no damage.
Svalbard hits the wyvern with a +0 flail.
Your orc wizard barely misses the wyvern.
Your larval batshock beast hits the wyvern.
Your orc throws a boomerang.
The boomerang hits the wyvern but does no damage.
The wolf bites you.
* * * LOW HITPOINT WARNING * * *
The wyvern bites you!!
* * * LOW HITPOINT WARNING * * *
Svalbard blocks the wyvern's attack.
Your larval batshock beast hits the wyvern!
The water moccasin closely misses your orc.
The water moccasin bites you but does no damage.
Your centaur shoots an arrow.
The arrow closely misses the wolf.
The arrow hits the wolf!
The wolf bites you.
* * * LOW HITPOINT WARNING * * *
The wolf barely misses you. The wyvern bites you!
* * * LOW HITPOINT WARNING * * *
The wyvern barely misses Svalbard.
Svalbard hits the wyvern with a +0 flail.
Your orc hits the water moccasin with a +0 hand axe.
Your orc wizard hits the wyvern but does no damage.
Your orc hits the wyvern with a +0 whip.
Your larval batshock beast completely misses the wyvern.
A wolf comes into view.
The wolf bites you!
* * * LOW HITPOINT WARNING * * *
The wolf barely misses you.
Your centaur shoots an arrow.
The arrow barely misses the wolf.
The arrow hits the wolf.
The water moccasin bites the fungus.
The water moccasin bites you.
You die...

Skill      XL: |  1  2  3  4  5  6  7  8  9 10 |
---------------+-------------------------------+-----
Stealth        | 3 4 5 |  5.0
Transmutations | 2 3 |  3.4
Conjurations   | 1 3 4 5 7 8 |  8.0
Spellcasting   | 3 4 5 7 8 |  8.0
Earth Magic    | 4 5 6 8 |  8.0
Fighting       | 2 |  2.5
Dodging        | 3 |  3.3

Action                   |  1- 3 |  4- 6 |  7- 9 | 10-12 || total
-------------------------+-------+-------+-------+-------++-------
Melee: Unarmed           |     2 |       |       |       ||     2
       Whip              |     4 |       |       |       ||     4
       Constrict         |     2 |    11 |     3 |     2 ||    18
       Hand axe          |     4 |    31 |    13 |    10 ||    58
       Tentacles         |     2 |     6 |     4 |       ||    12
Throw: Dart              |       |     3 |     3 |       ||     6
 Cast: Sandblast         |    41 |    79 |     3 |       ||   123
       Stone Arrow       |       |     2 |   102 |    60 ||   164
       Searing Ray       |       |     2 |     2 |     5 ||     9
Invok: Ancestor Identity |       |       |     1 |       ||     1
       Ancestor Life: Kn |       |       |     1 |       ||     1
       Recall Ancestor   |       |       |       |     1 ||     1
Evoke: Wand              |       |       |       |     1 ||     1
       Box of beasts     |       |       |       |     1 ||     1
  Use: Scroll            |       |     8 |     3 |     9 ||    20
       Potion            |       |       |       |     5 ||     5
 Stab: Sleeping          |       |       |       |     1 ||     1
Armor: Skin              |     1 |     3 |     5 |     3 ||    12
Dodge: Dodged            |    13 |    67 |    29 |    16 ||   125

Levels and vault maps discovered:
D:1:      dpeg_arrival_caged_fury, layout_loops_corners
D:2:      minmay_recursive_quarters, layout_loops_cross, basic_altar
D:3:      layout_loops_corners, nicolae_overflow_crystal_walls,
          shapermc_ecumenical_altar_ellora, minmay_tree_intersection
D:4:      layout_basic, mainiacjoe_overflow_boulevard, serial_shops,
          nicolae_shop_stone, uniq_crazy_yiuf_cottage, uniq_grinder,
          uniq_sigmund, uniq_menkaure
D:5:      nicolae_BIG_FREAKIN_CUBE, layout_loops_ring,
          minmay_temple_entry_gardened_gates, serial_shops, shop,
          grunt_ministairs_5, uniq_edmund
D:6:      layout_basic, lemuel_round_altar, mainiacjoe_overflow_alcove_4,
          old_standard_altar, old_standard_altar,
          nicolae_wu_jian_immortal_techniques
D:7:      layout_rooms, fedhas_altar_3, general_overflow_altar,
          overflow_temple_1_default, kennysheep_generic_room_2, uniq_duvessa
D:8:      layout_loops_ring, mainiacjoe_overflow_six_doors_small,
          enter_ossuary_3
D:9:      layout_basic, minmay_lair_entry_grove
Temple:   nicolae_temple_bog_church

Notes
Turn   | Place    | Note
-------+----------+-------------------------------------------
     0 | D:1      | spiderkeys the Octopode Earth Elementalist began the quest
                  | for the Orb.
     0 | D:1      | Reached XP level 1. HP: 11/11 MP: 3/3
     0 | D:1      | Noticed a jelly
     0 | D:1      | magus.rc [v1.11.3]
     1 | D:1      | Found a runed translucent door.
     2 | D:1      | Noticed a jelly
   114 | D:1      | Reached skill level 3 in Stealth
   114 | D:1      | Reached XP level 2. HP: 17/17 MP: 0/5
   615 | D:1      | Reached XP level 3. HP: 21/21 MP: 4/6
   657 | D:1      | Learned a level 2 spell: Passwall
  1227 | D:2      | Found a stormy altar of Qazlal.
  1362 | D:2      | Reached skill level 2 in Transmutations
  1369 | D:2      | Reached XP level 4. HP: 27/27 MP: 3/7
  1491 | D:2      | You pick up a book of Minor Magic and begin reading...
  1491 | D:2      | You add the spells Magic Dart, Call Imp and Mephitic Cloud
                  | to your library.
  1527 | D:2      | Learned a level 3 spell: Stone Arrow
  1936 | D:2      | Reached skill level 4 in Stealth
  2188 | D:3      | Found a faded altar of an unknown god.
  2366 | D:3      | Found a bloodstained altar of Trog.
  2410 | D:3      | You pick up a book of Conjurations and begin reading...
  2410 | D:3      | You add the spells Searing Ray and Fulminant Prism to your
                  | library.
  2511 | D:3      | Learned a level 2 spell: Searing Ray
  2636 | D:3      | Reached skill level 1 in Conjurations
  2698 | D:3      | Reached XP level 5. HP: 31/31 MP: 7/9
  3266 | D:3      | Reached skill level 3 in Spellcasting
  3354 | D:4      | Found Heagel's Antique Armour Shop.
  3592 | D:4      | Found a hazy altar of Hepliaklqana.
  3597 | D:4      | Reached skill level 4 in Earth Magic
  3659 | D:4      | Became a worshipper of Hepliaklqana the Forgotten
  3853 | D:4      | Reached XP level 6. HP: 36/36 MP: 7/10
  3879 | D:4      | Noticed Sigmund
  3991 | D:1      | Reached skill level 5 in Stealth
  4066 | D:1      | Reached skill level 2 in Conjurations
  4450 | D:4      | Identified a scroll of acquirement
  4454 | D:3      | Acquired a ring of wizardry
  4464 | D:4      | Killed Sigmund
  4465 | D:4      | Reached skill level 3 in Conjurations
  4465 | D:4      | Reached XP level 7. HP: 41/41 MP: 5/12
  4523 | D:4      | Reached skill level 4 in Spellcasting
  4661 | D:4      | Reached skill level 5 in Earth Magic
  4835 | D:4      | Bought a runed hat for 175 gold pieces
  4994 | D:4      | Noticed Grinder
  4996 | D:4      | Paralysed by Grinder for 2 turns
  4998 | D:4      | Killed Grinder
  5078 | D:4      | Noticed Menkaure
  5086 | D:4      | Killed Menkaure
  5087 | D:4      | Reached skill level 4 in Conjurations
  5087 | D:4      | Reached XP level 8. HP: 40/46 MP: 5/15
  5337 | D:4      | Found a runed translucent door.
  5338 | D:4      | Noticed Crazy Yiuf
  5344 | D:4      | Killed Crazy Yiuf
  5528 | D:5      | Entered Level 5 of the Dungeon
  5558 | D:5      | Reached skill level 5 in Spellcasting
  5598 | D:5      | Reached skill level 6 in Earth Magic
  5837 | D:5      | Reached * piety under Hepliaklqana
  5999 | D:5      | Found a staircase to the Ecumenical Temple.
  6011 | D:5      | Reached skill level 5 in Conjurations
  6024 | Temple   | Entered the Ecumenical Temple
  6481 | D:5      | Found Noryleo's Armour Shoppe.
  6676 | D:5      | Noticed Edmund
  6685 | D:5      | Killed Edmund
  6864 | D:6      | Found an ancient bone altar of Kikubaaqudgha.
  6972 | D:6      | Acquired a +2 hat of see invisible
  7021 | D:6      | Reached XP level 9. HP: 24/45 MP: 10/17
  7027 | D:6      | Reached skill level 6 in Spellcasting
  7179 | D:6      | Reached skill level 6 in Conjurations
  7179 | D:6      | Reached skill level 7 in Earth Magic
  7306 | D:6      | Found a shimmering altar of Xom.
  7412 | D:6      | Found a glowing silver altar of Zin.
  7859 | D:6      | Found an ornate altar of the Wu Jian Council.
  8166 | D:6      | Reached ** piety under Hepliaklqana
  8167 | D:6      | Remembered your ancestor Svalbard as a knight
  8192 | D:6      | Found a white marble altar of Elyvilon.
  8224 | D:7      | Found a broken altar of Ashenzari.
  8540 | D:7      | Noticed a cyclops
  8546 | D:7      | Killed a cyclops
  8547 | D:7      | Reached skill level 7 in Spellcasting
  8547 | D:7      | Reached skill level 7 in Conjurations
  8547 | D:7      | Reached skill level 8 in Earth Magic
  8706 | D:7      | Found a blossoming altar of Fedhas.
  8928 | D:7      | Found a glowing golden altar of the Shining One.
  9059 | D:7      | Noticed Duvessa
  9059 | D:7      | Noticed Dowan
  9066 | D:7      | Reached XP level 10. HP: 42/50 MP: 17/21
  9073 | D:7      | Reached skill level 8 in Conjurations
  9073 | D:7      | Killed Duvessa
  9076 | D:7      | HP: 11/50 [Dowan/bolt of dispelling energy (24)]
  9077 | D:7      | Killed Dowan
  9078 | D:7      | Reached skill level 8 in Spellcasting
  9460 | D:8      | Found a sand-covered staircase.
  9524 | Ossuary  | Entered an ossuary
  9927 | Ossuary  | Reached skill level 1 in Fighting
 10383 | D:8      | Found a sparkling altar of Nemelex Xobeh.
 10603 | D:8      | Reached skill level 3 in Transmutations
 10725 | D:8      | Reached skill level 2 in Fighting
 10725 | D:8      | Reached skill level 3 in Dodging
 11315 | D:9      | Found a staircase to the Lair.
 11322 | D:9      | HP: 13/54 [wolf (3)]
 11322 | D:9      | HP: 6/54 [wyvern (7)]
 11323 | D:9      | HP: 1/54 [wolf (5)]
 11323 | D:9      | Slain by a water moccasin

Vanquished Creatures
  A cyclops (D:7)
  Grinder (D:4)
  Sigmund (D:4)
  A shadow (D:9)
  3 steam dragons
  Menkaure (D:4)
  4 ice beasts
  2 ogres
  A centaur (D:5)
  A phantom (D:6)
  2 bullfrogs (D:8)
  A necrophage (D:7)
  Dowan (D:7)
  3 killer bees (D:8)
  A howler monkey (D:5)
  5 hounds
  Crazy Yiuf (D:4)
  A gnoll bouda (D:3)
  3 jellies
  3 orc priests
  7 iguanas
  6 orc wizards
  8 mummies (Ossuary)
  14 gnolls
  9 adders
  A shadow imp (D:5)
  3 white imps
  5 ufetubi
  A worm zombie (D:8)
  6 worms
  5 dart slugs
  18 orcs
  5 ball pythons
  12 endoplasms
  8 giant cockroaches
  10 goblins
  3 hobgoblins
  15 jackals
  6 kobolds
  12 bats
  2 frilled lizards
  3 goblin skeletons (Ossuary)
  3 kobold skeletons (Ossuary)
  2 orc skeletons (Ossuary)
  14 rats
  6 rat skeletons (Ossuary)
221 creatures vanquished.

Vanquished Creatures (collateral kills)
  Edmund (D:5)
  Duvessa (D:7)
  A black bear (D:7)
  3 bullfrogs (D:7)
  2 gnoll sergeants (D:8)
  A scorpion (D:7)
  2 killer bees (D:8)
  An orc priest (D:7)
  A gnoll bouda (D:8)
  An orc wizard (D:7)
  3 mummies (Ossuary)
  A gnoll (D:8)
  3 orcs
  5 rat skeletons (Ossuary)
26 creatures vanquished.

Vanquished Creatures (others)
  7 fungi (D:7)
  12 plants
19 creatures vanquished.

Grand Total: 266 creatures vanquished

Table legend:
 A = Non-vault XP
 B = Vault XP
 C = Vault XP percentage of total XP
 D = Non-vault monster count
 E = Vault monster count
 F = Vault count percentage of total count
                 A         B        C        D         E       F
            +---------+---------+-------+---------+---------+-------
      Total |    4871 |    1793 |  26.9 |     182 |      65 |  26.3
            +---------+---------+-------+---------+---------+-------
        D:1 |      52 |     107 |  67.3 |      23 |      13 |  36.1
        D:2 |      59 |      34 |  36.6 |      19 |       9 |  32.1
        D:3 |     101 |       0 |   0.0 |      27 |       0 |   0.0
        D:4 |     378 |     726 |  65.8 |      26 |       4 |  13.3
        D:5 |     428 |     183 |  30.0 |      12 |       3 |  20.0
        D:6 |     992 |       0 |   0.0 |      17 |       0 |   0.0
        D:7 |    1622 |     520 |  24.3 |      26 |       5 |  16.1
        D:8 |    1031 |       6 |   0.6 |      31 |       1 |   3.1
        D:9 |     208 |       0 |   0.0 |       1 |       0 |   0.0
    Ossuary |       0 |     217 | 100.0 |       0 |      30 | 100.0
            +---------+---------+-------+---------+---------+-------

Illustrated notes

Table legend:
 A = Kills in this place as a percentage of kills in entire the game.
 B = Kills by you in this place as a percentage of kills by you in the entire game.
 C = Kills by friends in this place as a percentage of kills by friends in the entire game.
 D = Other kills in this place as a percentage of other kills in the entire game.
 E = Experience gained in this place as a percentage of experience gained in the entire game.
 F = Experience gained in this place divided by the number of levels of this place that you have seen.
                   A       B       C       D       E      F
               +-------+-------+-------+-------+-------+----------------------
         Total | 100.0 | 100.0 | 100.0 |   N/A | 100.0 | 605.8
       Dungeon |  87.9 |  90.0 |  69.2 |   N/A |  96.7 | 716.3
       Ossuary |  12.1 |  10.0 |  30.8 |   N/A |   3.3 | 217.0
               +-------+-------+-------+-------+-------+----------------------

Table legend: (Time is in decaauts)
 A = Elapsed time spent in this place.
 B = Non-inter-level travel time spent in this place.
 C = Inter-level travel time spent in this place.
 D = Time resting spent in this place.
 E = Time spent auto-exploring this place.
 F = Levels seen in this place.
 G = Mean time per level.
                   A        B        C        D        E       F      G
               +--------+--------+--------+--------+--------+-----+--------+
         Total |  11391 |  11103 |    288 |    745 |   8995 |  11 | 1035.5 |
       Dungeon |  10464 |  10195 |    269 |    745 |   8186 |   9 | 1162.7 |
        Temple |    246 |    227 |     19 |      0 |    218 |   1 |  246.0 |
       Ossuary |    680 |    680 |      0 |      0 |    591 |   1 |  680.0 |
               +--------+--------+--------+--------+--------+-----+--------+

Top non-repeatable levels by time:
     D:3: 1598 daAuts
     D:4: 1535 daAuts
     D:1: 1302 daAuts
     D:6: 1268 daAuts
     D:5: 1183 daAuts
     D:8: 1170 daAuts
     D:2: 1169 daAuts
     D:7: 1167 daAuts
 Ossuary: 680 daAuts
  Temple: 246 daAuts
     D:9: 68 daAuts
